 Dungeon Crawl Stone Soup version 0.23.2-1-ga50397a (webtiles) character file.

Game seed: 10605087369437017854

44 GuyDeFluk the Sneak (level 3, -4/16 HPs)
             Began as a Spriggan Enchanter on Apr 28, 2019.
             Was an Initiate of Okawaru.
             Slain by a hippogriff (5 damage)
             ... on level 3 of the Dungeon.
             The game lasted 00:30:34 (2621 turns).

GuyDeFluk the Sneak (Spriggan Enchanter)            Turns: 2621, Time: 00:30:37

Health: -4/16      AC:  2    Str:  5    XL:     3   Next: 41%
Magic:  6/8        EV: 19    Int: 16    God:    Okawaru [......]
Gold:   109        SH:  0    Dex: 16    Spells: 1/7 levels left

rFire    . . .     SeeInvis +   a - +1 dagger
rCold    . . .     Gourm    .   (shield restricted)
rNeg     . . .     Faith    .   b - +0 robe
rPois    .         Spirit   .   (helmet restricted)
rElec    .         Reflect  .   (no cloak)
rCorr    .         Harm     .   (gloves unavailable)
MR       .....                  (boots unavailable)
Stlth    +++.......             (no amulet)
HPRegen  0.05/turn              (no ring)
MPRegen  0.11/turn              (no ring)

@: very quick
A: very small, unfitting armour, see invisible, herbivore, speed 3, slow
metabolism 2
a: Renounce Religion


You were on level 3 of the Dungeon.
You worshipped Okawaru.
Okawaru was noncommittal.
You were not hungry.

You visited 1 branch of the dungeon, and saw 3 of its levels.

You collected 109 gold pieces.

Inventory:

Hand Weapons
 a - a +1 dagger (weapon)
Armour
 b - a +0 robe (worn)
Wands
 g - a wand of paralysis (12)
Scrolls
 c - 2 scrolls of remove curse
 e - a scroll of noise {unknown}
Potions
 f - 2 potions of agility
 i - a potion of mutation
Comestibles
 d - 7 rations


   Skills:
 * Level 2.7 Short Blades
 - Level 3.7 Dodging
 + Level 5.1 Stealth
 + Level 2.7 Spellcasting
 - Level 3.6 Hexes


You had one spell level left.
You knew the following spells:

 Your Spells              Type           Power        Failure   Level  Hunger
a - Corona                Hex            ##.....      4%          1    #......
b - Ensorcelled Hibernat  Hex/Ice        #.....       14%         2    ##.....
c - Confuse               Hex            ##......     13%         3    ###....

Your spell library contained the following spells:

 Spells                   Type           Power        Failure   Level  Hunger
 Tukima's Dance           Hex            ##......     13%         3    ###....
 Dazzling Spray           Conj/Hex       #.....       28%         3    ###....


Dungeon Overview and Level Annotations

Branches:
Dungeon (3/15)

Altars:
Ashenzari
Cheibriados
Okawaru
Ru
Trog
Uskayaw
Vehumet
Xom

Annotations:
D:2 Okawaru Vehumet
D:3 Grinder


Innate Abilities, Weirdness & Mutations

You are very small and have problems with some larger weapons.
You are too small for most types of armour.
You have supernaturally acute eyesight. (SInv)
You are a herbivore.
You cover ground extremely quickly.
You need to consume almost no food.


Message History

You see here a +0 club.
Casting: Ensorcelled Hibernation (safe; 14% risk of failure)
Confirm with . or Enter, or press ? or * to list all spells.
Aiming: Ensorcelled Hibernation (safe; 14% risk of failure)
Press: ? - help, Shift-Dir - straight line, f/p - hippogriff
Aim: a hippogriff (chance to defeat MR: 34%)
The hippogriff looks drowsy...
You see here a +0 club.
The helpless hippogriff fails to defend itself.
You impale the hippogriff!!
The hippogriff is severely wounded.
The hippogriff completely misses you. The hippogriff closely misses you.
The hippogriff claws you!
You hit the hippogriff.
The hippogriff is severely wounded.
The hippogriff bites you!
Ouch! That really hurt!
* * * LOW HITPOINT WARNING * * *
The hippogriff pecks you.
You die...

#.##.# #.....## #.##.#
#......# #.##.# #.(...†#
##.##.# #......# ......#
######.# ......###### #)#
#.##......# #.###
#.#######.## #.#.#########
#......#...## #@.#.........
######......###H###..#####.
#.........## ##H.#
#......##..###...#
#.#...###).H#....# #.#####
#........# #.# #.........#
#.# #.........# #.#
#......>..§


You could see a hippogriff.

Vanquished Creatures
  An ooze (D:1)
  2 worms (D:2)
  A dart slug (D:1)
  2 leopard geckos (D:1)
  A giant cockroach (D:1)
  4 goblins
  5 hobgoblins
  2 kobolds (D:2)
  A ball python (D:1)
  6 bats
  A frilled lizard (D:2)
  5 rats
31 creatures vanquished.

Notes
Turn   | Place    | Note
-------+----------+-------------------------------------------
     0 | D:1      | GuyDeFluk the Spriggan Enchanter began the quest for the
                  | Orb.
     0 | D:1      | Reached XP level 1. HP: 9/9 MP: 5/5
   552 | D:1      | Reached XP level 2. HP: 13/13 MP: 6/6
  1552 | D:2      | Found an iron altar of Okawaru.
  1605 | D:2      | Found a sacrificial altar of Ru.
  1612 | D:2      | Reached skill level 5 in Stealth
  1612 | D:2      | Reached XP level 3. HP: 16/16 MP: 8/8
  1729 | D:2      | Found a shimmering altar of Xom.
  1730 | D:2      | Found a snail-covered altar of Cheibriados.
  1786 | D:2      | You fall through a shaft!
  1800 | D:3      | Noticed a hippogriff
  2006 | D:2      | Found a bloodstained altar of Trog.
  2042 | D:2      | Found a hide-covered altar of Uskayaw.
  2071 | D:2      | Found a radiant altar of Vehumet.
  2074 | D:2      | Found a shattered altar of Ashenzari.
  2106 | D:2      | Learned a level 2 spell: Ensorcelled Hibernation
  2270 | D:2      | Learned a level 3 spell: Confuse
  2307 | D:2      | Became a worshipper of Warmaster Okawaru
  2517 | D:3      | Noticed Grinder
  2621 | D:3      | Slain by a hippogriff

Skill      XL: |  1  2 |
---------------+-------+-----
Short Blades   | 2 |  2.7
Stealth        | 5 |  5.1
Dodging        | |  3.7
Spellcasting   | |  2.7
Hexes          | |  3.6

Action                   || total
-------------------------++-------
Melee: Dagger            ||    89
 Cast: Ensorcelled Hiber ||     1
       Corona            ||     1
  Use: Scroll            ||     4
 Stab: Sleeping          ||    16
Armor: Robe              ||     7
Dodge: Dodged            ||    63
